 Dungeon Crawl Stone Soup version 0.28.0 (webtiles) character file.

Game seed: 913087305614521892

7 sanka the Magician (level 1, 0/11 HPs)
             Began as a Deep Elf Transmuter on Feb 8, 2022.
             Slain by a dart slug (2 damage)
             ... on level 1 of the Dungeon.
             The game lasted 00:00:47 (650 turns).

sanka the Magician (Deep Elf Transmuter)             Turns: 650, Time: 00:00:48

Health: 0/11       AC:  2    Str:  7    XL:     1   Next: 83%
Magic:  7/7        EV: 12    Int: 17    God:
Gold:   17         SH:  0    Dex: 15    Spells: 6/7 levels left

rFire   . . .      SeeInvis .     - Unarmed
rCold   . . .      Faith    .   (no shield)
rNeg    . . .      Spirit   .   a - +0 robe
rPois   .          Reflect  .   (helmet currently unavailable)
rElec   .          Harm     .   (no cloak)
rCorr   .          Rampage  .   (no gloves)
Will    .....                   (boots currently unavailable)
Stlth   +.........              (no amulet)
HPRegen 0.03/turn               (no ring)
MPRegen 0.10/turn               (no ring)

@: appendages (expiring)
A: horns 2, talons 2
a: End Transformation


You were on level 1 of the Dungeon.
You had temporarily grown beastly horns and talons.
You visited 1 branch of the dungeon, and saw 1 of its levels.

You collected 17 gold pieces.

Inventory:

Armour
 a - a +0 robe (worn)
Scrolls
 b - a scroll of torment {unknown}


   Skills:
 - Level 0.7 Fighting
 - Level 2.4 Dodging
 - Level 2.4 Unarmed Combat
 + Level 3.8 Spellcasting
 - Level 2.1 Transmutations


You had 6 spell levels left.
You knew the following spells:

 Your Spells              Type           Power      Damage    Failure   Level
a - Beastly Appendage     Tmut           20%        N/A       7%          1

Your spell library contained the following spells:

 Spells                   Type           Power      Damage    Failure   Level
 Wereblood                Tmut           10%        N/A       10%         2
 Spider Form              Tmut/Pois      6%         N/A       30%         3
 Ice Form                 Ice/Tmut       6%         N/A       71%         4


Dungeon Overview and Level Annotations

Branches:
Dungeon (1/15)

Altars:


Innate Abilities, Weirdness & Mutations

You have temporarily grown beastly horns and talons.


Message History

The bat barely misses you.
You hit the bat.
You kill the bat!
Your horns disappear.
Your talons disappear.
You see here a +0 dagger.
Things that are here:
a +0 whip; a kobold corpse You see here a +0 dagger.
Found 17 gold pieces.
You now have 11 gold pieces.
You now have 17 gold pieces (gained 6).
A dart slug comes into view.
Found a ring mail.
You grow a pair of large bovine horns.
Your feet morph into talons.
Found 7 gold pieces.
The dart slug launches a dart at you. The slug dart misses you.
A ball python comes into view.
A kobold comes into view. It is wielding a +0 dagger.
The dart slug launches a dart at you. The slug dart hits you.
A frilled lizard comes into view.
Found a stone staircase leading down.
The ball python hisses angrily.
The dart slug bites you.
You barely miss the dart slug. You claw the dart slug.
The dart slug is moderately wounded.
The kobold barely misses you. The kobold barely misses you.
The dart slug launches a dart at you. The slug dart hits you.
The kobold hits you with a +0 dagger.
* * * LOW HITPOINT WARNING * * *
You barely miss the kobold. The kobold closely misses you.
You closely miss the kobold. You headbutt the kobold.
You kill the kobold!
You hit the dart slug but do no damage.
The dart slug is moderately wounded.
Your transformation is almost over.
The dart slug bites you.
You die...

>. .. . . .. #. #.#.
l..#.#.### #........#
# #..#.....###..#
#.....$........
#.....###### # ###
#.....Sw@..#.# #.#
#.[...####.#.# #..
...............# #<.
#.#.########.#########
#.. # #. #..........
#.# # #..######## ###
#..# . #######..#####
# .........##.. #####


You could see a dart slug and a ball python.

Vanquished Creatures
  2 bats (D:1)
  2 kobolds (D:1)
  A quokka (D:1)
  A goblin (D:1)
6 creatures vanquished.

Notes
Turn   | Place    | Note
-------+----------+-------------------------------------------
     0 | D:1      | sanka the Deep Elf Transmuter began the quest for the Orb.
     0 | D:1      | Reached XP level 1. HP: 11/11 MP: 6/6
   650 | D:1      | Slain by a dart slug

Illustrated notes

Levels and vault maps discovered:
D:1:      saegor_arrival_simple_c, layout_loops_ring

Action                   || total
-------------------------++-------
Melee: Unarmed           ||    28
       Kick              ||     4
       Headbutt          ||     1
 Cast: Beastly Appendage ||     5
Armor: Robe              ||    10
Dodge: Dodged            ||    19
